Map: Ruby Rock LE

Players

fgsfds - Winner!

  • Race: Terran Terran

A.I. 1 (Elite)

  • Race: Zerg Zerg

VOD

Have the link to the VOD?

Description

Time

  • Played on: June 13, 2026, 7:59 a.m.
  • Length: 12:49
Show
View Real Time Build Order
Export as new Build Order

fgsfds Terran - Winner!

Build Orders: Hellion Banshee 

Get SALT Encoding   

  8  0:00  SCV  
  9  0:12  SCV  
  10  0:25  SCV  
  10  0:28  Supply Depot  
  11  0:39  SCV  
  12  0:52  Barracks  
  12  0:55  SCV  
  13  1:07  SCV  
  14  1:19  SCV  
  15  1:31  SCV  
  16  1:39  Marine  
  17  1:44  Orbital Command  
  17  1:56  Command Center  
  17  1:59  Marine  
  18  2:06  Refinery  
  18  2:09  SCV  
  18  2:14  Refinery  
  19  2:17  Marine  
  20  2:24  SCV  
  20  2:29  Supply Depot  
  21  2:37  SCV  
  22  2:49  SCV  
  23  2:54  Factory  
  23  3:01  SCV  
  23  3:03  Barracks Reactor  
  24  3:09  Orbital Command  
  24  3:13  SCV  
  24  3:15  Supply Depot  
  25  3:25  SCV  
  26  3:35  SCV  
  26  3:37  SCV  
  26  3:41  Starport  
  28  3:48  Hellion x2  
  32  3:50  Barracks Tech Lab, SCV x2  
  34  4:02  SCV, Supply Depot  
  35  4:07  SCV  
  35  4:09  Hellion  
  40  4:10  Hellion  
  40  4:14  SCV  
  41  4:19  SCV  
  42  4:26  SCV  
  42  4:27  Cloaking Field  
  42  4:28  Banshee  
  46  4:31  SCV  
  46  4:34  Engineering Bay  
  46  4:35  Barracks Tech Lab  
  46  4:36  Engineering Bay  
  47  4:38  SCV  
  47  4:41  Hellion  
  47  4:43  Hellion, SCV  
  53  4:52  SCV  
  54  4:54  Stimpack  
  54  4:55  Marine, SCV  
  56  5:01  Terran Infantry Weapons Level 1  
  56  5:04  SCV  
  56  5:06  Supply Depot  
  57  5:08  SCV  
  57  5:12  Hellion, Refinery  
  57  5:13  Hellion  
  62  5:28  SCV x2  
  64  5:39  Banshee  
  67  5:44  SCV  
  67  5:45  SCV  
  67  5:47  Refinery  
  67  5:48  Command Center  
  69  5:51  Barracks, Terran Infantry Armor Level 1  
  69  5:55  Armory  
  69  5:57  SCV  
  70  6:02  Supply Depot  
  70  6:24  SCV x2  
  72  6:31  Barracks  
  72  6:36  SCV, Supply Depot  
  72  6:38  SCV  
  74  6:40  Medivac x2  
  74  6:42  Supply Depot  
  74  6:43  Supply Depot  
  78  6:58  Siege Tank, SCV x2  
  78  6:59  Supply Depot  
  83  7:06  Supply Depot, Marine  
  83  7:07  Supply Depot  
  84  7:09  Barracks Reactor  
  84  7:10  SCV x2  
  84  7:11  Barracks  
  84  7:14  Terran Infantry Weapons Level 2  
  86  7:20  Medivac x2  
  86  7:22  Barracks Reactor, SCV x2  
  92  7:23  Supply Depot  
  92  7:27  Barracks  
  92  7:29  Supply Depot  
  92  7:30  Siege Tank  
  92  7:31  Supply Depot  
  92  7:34  SCV x2  
  97  7:46  SCV  
  97  7:48  Marine x2, Supply Depot  
  97  7:49  Marauder  
  97  7:50  Combat Shield  
  102  7:52  Supply Depot  
  102  8:00  Supply Depot  
  102  8:02  Orbital Command  
  102  8:03  SCV  
  102  8:04  SCV  
  104  8:05  Marine x2  
  104  8:10  Marauder  
  107  8:15  SCV  
  107  8:16  SCV  
  109  8:20  Refinery  
  109  8:22  Refinery  
  109  8:23  Terran Infantry Armor Level 2  
  109  8:24  Marine x2  
  109  8:25  Barracks Tech Lab  
  110  8:27  Barracks Tech Lab  
  110  8:30  Supply Depot  
  110  8:32  Marauder  
  112  8:35  Barracks  
  112  8:39  SCV x3  
  115  8:42  Barracks  
  115  8:46  Marine x2  
  115  8:47  Barracks, Marauder  
  115  8:48  Barracks  
  119  8:50  Siege Tank  
  119  8:51  SCV x3  
  119  8:53  Marauder  
  119  8:54  Marine  
  119  8:55  Marauder  
  130  9:03  SCV x2  
  130  9:04  SCV  
  133  9:12  Marauder  
  133  9:13  Marine x4  
  133  9:14  Marine  
  133  9:15  SCV x2  
  133  9:16  SCV, Marine  
  144  9:18  Concussive Shells  
  144  9:27  SCV  
  144  9:28  SCV  
  144  9:29  Liberator  
  144  9:30  Liberator, Marine  
  144  9:31  Marine, Siege Tank  
  157  9:33  Marauder, Marine, Barracks Reactor x2  
  157  9:34  Marauder x2, Barracks Reactor, Marine  
  157  9:35  Marine  
  159  9:48  Marine x2  
  159  9:50  Marine  
  154  10:00  Marine  
  154  10:02  Marauder x3  
  154  10:06  Marine x2  
  163  10:14  Barracks Tech Lab  
  163  10:16  Marine  
  163  10:17  Marine x6  
  163  10:18  Marine  
  169  10:23  Marauder x3  
  169  10:24  Marine x2  
  171  10:29  Refinery  
  171  10:30  SCV x2, Command Center  
  171  10:33  Missile Turret, Refinery  
  171  10:34  Marine, Medivac x2  
  176  10:36  Marine  
  176  10:37  Marine  
  178  10:44  Marauder  
  178  10:45  Marauder x2  
  173  11:06  Marauder x3  
  174  11:24  Marine  
  174  11:25  Marine x10  
  173  11:27  Marine x2, Marauder  
  173  11:28  Medivac x2  
  186  11:42  Command Center, Marine  
  186  11:43  Marine x9  
  186  11:44  Marauder  
  186  11:45  Marine  
  199  11:47  Barracks  
  199  11:49  Orbital Command  
  199  11:51  Barracks x3  
  199  11:53  SCV  
  200  11:55  Command Center  
  200  11:58  Command Center  
  200  12:00  Barracks  
Show
View Real Time Build Order
Export as new Build Order

A.I. 1 (Elite) Zerg 

Build Orders: Pool First 

Get SALT Encoding   

  8  0:00  Drone  
  9  0:10  Drone  
  10  0:16  Drone  
  11  0:21  Drone  
  12  0:33  Overlord  
  12  0:51  Drone x2  
  12  0:54  Drone  
  15  1:05  Drone  
  15  1:10  Spawning Pool  
  15  1:15  Drone  
  16  1:26  Drone  
  17  1:40  Hatchery  
  17  1:41  Drone  
  17  1:43  Extractor  
  16  1:48  Drone  
  17  1:58  Drone  
  18  2:09  Drone  
  19  2:19  Overlord  
  19  2:30  Drone  
  20  2:37  Queen  
  20  2:41  Zergling x2  
  23  2:51  Drone, Queen  
  23  2:52  Drone  
  27  3:03  Roach Warren  
  27  3:05  Drone  
  27  3:09  Extractor  
  27  3:10  Drone  
  27  3:19  Overlord  
  27  3:22  Drone  
  27  3:25  Drone  
  29  3:28  Drone  
  30  3:34  Drone  
  30  3:35  Drone  
  32  3:45  Zergling x4  
  34  3:57  Roach x3  
  34  3:58  Overlord  
  40  4:14  Lair  
  40  4:16  Drone x2, Roach  
  44  4:19  Metabolic Boost  
  44  4:25  Drone  
  44  4:27  Drone  
  44  4:29  Drone  
  47  4:32  Drone  
  47  4:35  Overlord  
  48  4:53  Drone x4  
  48  4:54  Drone  
  48  4:55  Drone  
  48  4:56  Evolution Chamber  
  48  4:57  Evolution Chamber, Drone  
  48  4:59  Drone  
  54  5:03  Overlord  
  54  5:07  Roach  
  56  5:22  Drone, Roach  
  56  5:24  Hydralisk Den  
  56  5:26  Infestation Pit  
  57  5:28  Overlord  
  57  5:30  Drone  
  57  5:32  Drone  
  57  5:33  Drone  
  59  5:45  Extractor, Drone  
  59  5:46  Overlord, Drone  
  59  5:47  Roach, Drone x2  
  59  5:49  Drone  
  65  5:53  Hydralisk  
  65  5:54  Drone  
  68  6:04  Hydralisk, Drone  
  68  6:05  Roach, Infestor, Overlord  
  68  6:06  Drone  
  68  6:07  Drone  
  68  6:09  Hydralisk  
  79  6:19  Extractor, Drone  
  79  6:23  Infestor, Drone, Overlord  
  79  6:24  Roach  
  84  6:28  Drone  
  84  6:30  Zerg Missile Weapons Level 1  
  85  6:33  Drone  
  85  6:38  Zerg Ground Armor Level 1  
  86  6:40  Hatchery  
  86  6:41  Drone x2  
  86  6:42  Drone  
  86  6:43  Overlord  
  86  6:44  Drone  
  89  6:55  Spire, Drone  
  89  7:09  Spine Crawler  
  89  7:11  Spine Crawler  
  89  7:12  Drone  
  89  7:15  Ravager  
  89  7:16  Overseer  
  89  7:19  Overlord, Roach  
  89  7:24  Roach  
  91  7:33  Hydralisk  
  91  7:43  Ravager  
  92  7:45  Roach  
  92  7:49  Spore Crawler, Drone  
  94  7:51  Spore Crawler  
  94  7:52  Queen, Drone  
  94  7:53  Drone x4  
  94  7:54  Overlord, Drone x3  
  94  7:55  Drone  
  104  7:59  Drone  
  104  8:00  Extractor  
  104  8:01  Glial Reconstitution  
  104  8:03  Drone  
  104  8:05  Drone  
  106  8:08  Pneumatized Carapace  
  106  8:10  Drone  
  106  8:11  Mutalisk  
  106  8:12  Overlord, Drone  
  110  8:13  Drone  
  110  8:15  Drone  
  110  8:16  Drone  
  110  8:17  Drone  
  110  8:18  Drone  
  115  8:21  Drone  
  115  8:24  Drone  
  116  8:27  Zergling x2  
  116  8:28  Zerg Missile Weapons Level 2  
  116  8:32  Overlord  
  117  8:35  Drone  
  117  8:38  Zerg Ground Armor Level 2, Drone  
  117  8:40  Mutalisk  
  121  8:45  Mutalisk  
  121  8:46  Extractor  
  121  8:47  Drone  
  123  8:52  Mutalisk  
  123  8:53  Overlord  
  125  9:00  Mutalisk  
  125  9:01  Spine Crawler  
  125  9:02  Drone  
  127  9:07  Mutalisk  
  129  9:14  Mutalisk, Queen  
  129  9:15  Overlord  
  133  9:21  Hatchery, Burrow  
  133  9:23  Drone, Zergling x2  
  134  9:26  Mutalisk  
  136  9:33  Zerg Flyer Weapons Level 1  
  136  9:38  Spine Crawler  
  136  9:39  Mutalisk, Drone, Overlord  
  136  9:43  Zergling x4  
  136  9:44  Zergling x10  
  136  9:45  Zergling x4  
  145  9:46  Baneling Nest  
  145  9:47  Drone, Roach  
  145  9:48  Evolution Chamber, Roach, Drone  
  145  9:51  Roach  
  145  9:57  Roach  
  145  9:58  Hydralisk  
  145  9:59  Hydralisk, Roach x2  
  121  10:01  Roach  
  121  10:03  Hydralisk  
  121  10:04  Spine Crawler  
  121  10:06  Drone, Spine Crawler  
  122  10:08  Drone  
  122  10:12  Infestor  
  125  10:18  Zergling x2  
  125  10:20  Zergling x4  
  125  10:21  Zergling x2  
  125  10:22  Zergling x2, Infestor  
  125  10:23  Zergling x4  
  125  10:24  Roach, Zergling x2  
  125  10:25  Zergling x2  
  122  10:28  Roach  
  122  10:29  Overseer  
  122  10:32  Roach  
  122  10:33  Roach  
  118  10:35  Zergling x2  
  118  10:37  Roach, Zergling x2, Baneling x2  
  122  10:44  Roach, Spore Crawler  
  122  10:45  Zergling x6, Drone, Mutalisk  
  122  10:46  Zergling x4  
  122  10:47  Spore Crawler, Extractor, Zergling x2  
  121  10:50  Extractor  
  121  10:51  Drone x2, Zergling x4  
  121  10:54  Hydralisk  
  121  10:55  Drone  
  110  10:58  Drone  
  110  11:00  Drone  
  110  11:02  Roach  
  96  11:05  Roach  
  96  11:06  Roach  
  96  11:07  Hydralisk  
  96  11:08  Drone, Zergling x2  
  96  11:09  Roach  
  82  11:15  Baneling, Zergling x2  
  82  11:17  Zergling x2  
  77  11:19  Drone  
  77  11:22  Hydralisk  
  77  11:23  Roach, Drone  
  62  11:28  Drone  
  62  11:29  Drone  
  62  11:31  Drone, Roach  
  42  11:34  Drone  
  42  11:38  Zergling x2  
  32  11:40  Baneling Nest  
  32  11:44  Queen, Zergling x2  
  31  11:52  Drone, Roach x2  
  31  11:53  Drone  
  31  11:54  Drone  
  29  12:03  Drone  
  25  12:15  Roach  
  24  12:23  Drone  
  24  12:26  Drone  
  15  12:37  Hatchery  
Tags
 
Add a new tag
Caveats
  • Supply blocks, unpowered buildings, or Contaminate may cause inaccurate times.
  • Supply counts are checked every 10 seconds.